 Dungeon Crawl Stone Soup version 0.32-a0-520-g344ed53f66 (webtiles) character file.

Game seed: 4553150009254596729

54 pokeman the Magician (level 3, -2/20 HPs)
             Began as a Deep Elf Hedge Wizard on Feb 28, 2024.
             Slain by a hound (3 damage)
             ... on level 3 of the Dungeon.
             The game lasted 00:02:30 (1380 turns).

pokeman the Magician (Deep Elf Hedge Wizard)        Turns: 1380, Time: 00:02:31

Health: -2/20      AC:  2    Str:  7    XL:     3   Next: 66%
Magic:  1/11       EV: 12    Int: 20    God:
Gold:   52         SH:  0    Dex: 14    Spells: 3/12 levels left

rFire   . . .        a - +0 dagger
rCold   . . .        (no shield)
rNeg    . . .        b - +0 robe
rPois   +            c - +0 hat
rElec   .            (no cloak)
rCorr   .            (no gloves)
SInv    .            (no boots)
Will    .....        (no amulet)
Stlth   ++           i - ring of poison resistance
HPRegen 0.23/turn    (no ring)
MPRegen 0.12/turn

%: no passive effects
@: very slightly contaminated
A: no striking features
a: no special abilities


You were on level 3 of the Dungeon.
You visited 1 branch of the dungeon, and saw 3 of its levels.

You collected 52 gold pieces.

Inventory:

Hand Weapons
 a - a +0 dagger (weapon)
Armour
 b - a +0 robe (worn)
 c - a +0 hat (worn)
Jewellery
 i - a ring of poison resistance (left hand)
Scrolls
 e - a scroll of noise {unknown}
 f - a scroll of identify {unknown}
 g - a scroll of poison {unknown}
 j - 3 scrolls of enchant armour {unknown}
Potions
 d - a potion of magic
 h - a potion of degeneration {unknown}


   Skills:
 - Level 1.0 Fighting
 - Level 1.0 Armour
 + Level 2.5 Dodging
 + Level 2.4 Stealth
 * Level 5.3 Spellcasting
 + Level 1.9 Conjurations
 - Level 1.1 Summonings
 - Level 1.1 Translocations


You had 3 spell levels left.
You knew the following spells:

 Your Spells              Type           Power      Damage    Failure   Level
a - Magic Dart            Conj           52%        1d5       4%          1
b - Mephitic Cloud        Conj/Alch/Air  7%         N/A       26%         3
c - Call Imp              Summ           18%        N/A       11%         2
d - Blink                 Tloc           18%        N/A       11%         2
e - Foxfire               Conj/Fire      36%        2x1d5     8%          1

Your spell library contained the following spells:

 Spells                   Type           Power      Damage    Failure   Level
 Slow                     Hex            20%        N/A       11%         1
 Cigotuvi's Dreadful Rot  Necr/Alch/Air  10%        N/A       17%         2
 Plasma Beam              Fire/Air       2%         2x1d12    100%        6
 Starburst                Conj/Fire      4%         6d4       100%        6


Dungeon Overview and Level Annotations

Branches:
Dungeon (2/15)

Altars:

Annotations:
D:3 Terence


Message History

Casting: Foxfire (safe; 8% risk of failure)
Confirm with . or Enter, or press ? or * to list all spells.
You conjure some foxfire!
The foxfire hits Terence but does no damage.
Terence is lightly wounded.
The foxfire hits Terence.
Terence is moderately wounded.
Casting: Foxfire (safe; 8% risk of failure)
Confirm with . or Enter, or press ? or * to list all spells.
You miscast Foxfire.
Nothing appears to happen.
The foxfire hits the orc wizard.
The orc wizard is moderately wounded.
The foxfire hits Terence but does no damage.
Terence is moderately wounded.
A quokka comes into view.
The orc wizard casts a spell at you. The magic dart hits you!
Terence hits you with a +2 mace of protection!
Ouch! That really hurt!
* * * LOW HITPOINT WARNING * * *
The orc wizard mumbles some strange words.
The orc wizard flickers and vanishes!
Deactivating autopickup; reactivate with Ctrl-A.
You hear a shout!
Casting: Foxfire (safe; 8% risk of failure)
Confirm with . or Enter, or press ? or * to list all spells.
Aiming: Mephitic Cloud (extremely dangerous; 26% risk of failure)
Press: ? - help, Shift-Dir - straight line, f - Terence
Aim: Terence, wielding a +2 mace of protection and wearing a +0 ring mail (moderately wounded, chance to affect: 91%)
You miscast Mephitic Cloud.
Parts of your body briefly turn golden. The hound misses you.
Terence closely misses you.
There are monsters nearby!
Unknown command.
The quokka barely misses you. The hound barely misses you.
The quokka bites you.
* * * LOW HITPOINT WARNING * * *
The hound attacks as it pursues you! The hound bites you.
* * * LOW HITPOINT WARNING * * *
The hound attacks as it pursues you! The hound bites you.
You die...

##### #....
#... #..#
#..# #.@##
#.h.# #..r##
#.@o.#
#...r##
#.....#
##....#
#.......r...
#...##.#.###


You could see Terence, a hound, an orc and 2 quokkas.

Vanquished Creatures
  3 adders (D:2)
  3 ball pythons (D:1)
  3 bats (D:1)
  3 goblins
  2 hobgoblins (D:1)
  2 jackals (D:2)
  3 frilled lizards (D:1)
  3 kobolds
  5 rats
27 creatures vanquished.

Vanquished Creatures (others)
  56 foxfires
56 creatures vanquished.

Grand Total: 83 creatures vanquished

Notes
Turn   | Place    | Note
-------+----------+-------------------------------------------
     0 | D:1      | pokeman the Deep Elf Hedge Wizard began the quest for the
                  | Orb.
     0 | D:1      | Reached XP level 1. HP: 10/10 MP: 7/7
   513 | D:1      | Reached XP level 2. HP: 16/16 MP: 1/9
   902 | D:1      | Learned a level 1 spell: Foxfire
  1139 | D:2      | Reached skill level 5 in Spellcasting
  1139 | D:2      | Reached XP level 3. HP: 20/20 MP: 6/11
  1143 | D:2      | Learned a level 3 spell: Mephitic Cloud
  1146 | D:2      | Learned a level 2 spell: Call Imp
  1149 | D:2      | Learned a level 2 spell: Blink
  1283 | D:2      | Reached skill level 1 in Fighting
  1304 | D:2      | Reached skill level 1 in Armour
  1353 | D:2      | You fall into a shaft and drop 1 floor!
  1363 | D:3      | Noticed Terence
  1379 | D:3      | HP: 1/20 [hound (1)]
  1380 | D:3      | Slain by a hound

Illustrated notes

Levels and vault maps discovered:
D:1:      dpeg_arrival_shelter, layout_loops_corners
D:2:      layout_basic
D:3:      layout_loops_cross, gammafunk_ghost_gnarly_gnolls, minmay_unequal,
          uniq_terence

Skill      XL: |  1  2  3 |
---------------+----------+-----
Spellcasting   | 5 |  5.3
Fighting       | 1 |  1.0
Armour         | 1 |  1.0
Dodging        | |  2.5
Stealth        | |  2.4
Conjurations   | |  1.9
Summonings     | |  1.1
Translocations | |  1.1

Action                     || total
---------------------------++-------
  Melee: Dagger            ||     3
   Cast: Magic Dart        ||    25
         Foxfire           ||    32
 Armour: Robe              ||     9
  Dodge: Dodged            ||     9

Table legend: (Time is in decaauts)
 A = Elapsed time spent in this place.
 B = Non-inter-level travel time spent in this place.
 C = Inter-level travel time spent in this place.
 D = Time resting spent in this place.
 E = Time spent auto-exploring this place.
 F = Levels seen in this place.
 G = Mean time per level.
                   A        B        C        D        E       F      G
               +--------+--------+--------+--------+--------+-----+--------+
         Total |   1378 |   1353 |     25 |      0 |   1209 |   3 |  459.3 |
       Dungeon |   1378 |   1353 |     25 |      0 |   1209 |   3 |  459.3 |
               +--------+--------+--------+--------+--------+-----+--------+

Top non-repeatable levels by time:
     D:1: 1134 daAuts
     D:2: 217 daAuts
     D:3: 26 daAuts
